[ AOE2 MATCH · #475321908 ]
UnrankedMalay vs Mongols
[ REPLAY ANALYSIS · EXTRACTED FROM THE RECORDED GAME ]
Feudal
14:16
Castle
—
Imperial
—
| APM avg | 11.4 |
| APM peak | 39 |
| eAPM avg | 6.2 |
| Villagers / military | 40 / 1 |
Focus
⚔️ 15.3% · 🌾 84.7%
Fishing Ship ×15 · Scout Cavalry ×1
Feudal
16:14
Castle
30:02
Imperial
—
| APM avg | 14.0 |
| APM peak | 35 |
| eAPM avg | 7.8 |
| Villagers / military | 32 / 17 |
Focus
⚔️ 27.8% · 🌾 72.2%
Fishing Ship ×16 · Fire Galley ×15 · Unknown (2626) ×6 · Demolition Raft ×2
Feudal
16:38
Castle
23:33
Imperial
—
| APM avg | 17.5 |
| APM peak | 38 |
| eAPM avg | 10.2 |
| Villagers / military | 103 / 0 |
Focus
⚔️ 6.3% · 🌾 93.7%
Fishing Ship ×40
Feudal
—
Castle
—
Imperial
—
| APM avg | 0.1 |
| APM peak | 2 |
| eAPM avg | 0.1 |
| Villagers / military | 0 / 0 |
Feudal
16:54
Castle
27:50
Imperial
—
| APM avg | 24.0 |
| APM peak | 79 |
| eAPM avg | 8.1 |
| Villagers / military | 39 / 26 |
Focus
⚔️ 22.9% · 🌾 77.1%
Knight ×18 · Fishing Ship ×15 · Scout Cavalry ×8
Feudal
16:37
Castle
—
Imperial
—
| APM avg | 16.1 |
| APM peak | 54 |
| eAPM avg | 5.3 |
| Villagers / military | 27 / 0 |
Focus
⚔️ 7.4% · 🌾 92.6%
Feudal
14:30
Castle
17:41
Imperial
31:12
| APM avg | 40.3 |
| APM peak | 80 |
| eAPM avg | 27.4 |
| Villagers / military | 172 / 31 |
Focus
⚔️ 20.7% · 🌾 79.3%
Knight ×31 · Fishing Ship ×22
Feudal
16:32
Castle
21:02
Imperial
—
| APM avg | 20.1 |
| APM peak | 55 |
| eAPM avg | 12.1 |
| Villagers / military | 66 / 68 |
Focus
⚔️ 21.7% · 🌾 78.3%
Berserk ×41 · Fishing Ship ×24 · Longboat ×16 · Fire Galley ×5 · Galley ×4 · Petard ×2
Match map
Initial resources + every placement click. Lines = walls · curves = elevation contours. ◆ gold · ⬟ stone · ● berries · ✦ relic · ◌ wall gap
Your base· Open — 6t gap
StefyHappy's base· Open — 10t gap
楊家富是菜DOG's base· Open — 12t gap
DIY's base· Open — 6t gap
Long's base· Open — 9t gap
金将军's base· Open — unwalled flank
Need's base· Open — 15t gap
*Lord*'s base· Open — unwalled flank
Smoothed initial terrain · ◌ = detected wall gap · hover for details
Inputs per minute
— 帝国潘森 - - StefyHappy
Build order — 帝国潘森
84 actions detected in the replay
| 0:40 | Build | Town Center |
| 1:32 | Build | House |
| 1:33 | Build | House |
| 2:15 | Build | Dock |
| 3:11 | Create | Villager (Male) |
| 3:11 | Create | Villager (Male) |
| 3:12 | Research | Loom |
| 3:50 | Create | Villager (Male) |
| 3:50 | Create | Villager (Male) |
| 3:51 | Create | Villager (Male) |
| 4:29 | Create | Villager (Male) |
| 4:30 | Create | Villager (Male) |
| 4:56 | Create | Villager (Male) |
| 4:56 | Create | Villager (Male) |
| 5:19 | Create | Villager (Male) |
| 5:19 | Create | Villager (Male) |
| 5:45 | Create | Villager (Male) |
| 5:46 | Create | Villager (Male) |
| 6:53 | Create | Villager (Male) |
| 6:53 | Create | Villager (Male) |
| 6:53 | Create | Villager (Male) |
| 6:54 | Create | Villager (Male) |
| 7:25 | Build | House |
| 7:26 | Build | House |
| 7:31 | Create | Villager (Male) |
| 7:32 | Create | Villager (Male) |
| 7:52 | Create | Villager (Male) |
| 7:52 | Create | Villager (Male) |
| 7:52 | Create | Villager (Male) |
| 8:07 | Create | Fishing Ship |
| 8:29 | Create | Villager (Male) |
| 8:29 | Create | Villager (Male) |
| 9:31 | Create | Villager (Male) |
| 9:31 | Create | Villager (Male) |
| 9:31 | Create | Villager (Male) |
| 9:31 | Create | Villager (Male) |
| 9:37 | Build | Mill |
| 10:04 | Create | Fishing Ship |
| 10:25 | Build | Lumber Camp |
| 11:15 | Build | House |
| 11:16 | Build | House |
| 11:17 | Build | House |
| 11:18 | Build | House |
| 11:20 | Build | House |
| 12:01 | Create | Villager (Male) |
| 12:26 | Create | Fishing Ship |
| 12:53 | Build | Mining Camp |
| 12:58 | Research | Feudal Age |
| 13:14 | Build | House |
| 13:44 | Create | Fishing Ship |
| 14:16 | Age | Feudal Age |
| 14:30 | Build | Barracks |
| 14:31 | Create | Villager (Male) |
| 14:31 | Create | Villager (Male) |
| 14:42 | Research | Double-Bit Axe |
| 14:53 | Create | Villager (Male) |
| 14:54 | Create | Villager (Male) |
| 14:54 | Create | Villager (Male) |
| 14:54 | Create | Villager (Male) |
| 15:17 | Build | Mill |
| 15:39 | Build | Blacksmith |
| 15:58 | Create | Villager (Male) |
| 16:37 | Build | Stable |
| 17:07 | Create | Fishing Ship |
| 17:07 | Create | Fishing Ship |
| 17:08 | Create | Fishing Ship |
| 17:23 | Create | Villager (Male) |
| 17:28 | Create | Fishing Ship |
| 17:29 | Create | Fishing Ship |
| 17:38 | Create | Scout Cavalry |
| 18:25 | Create | Villager (Male) |
| 18:25 | Create | Villager (Male) |
| 18:26 | Create | Villager (Male) |
| 18:31 | Create | Fishing Ship |
| 18:31 | Create | Fishing Ship |
| 18:58 | Research | Tech 906 |
| 19:31 | Create | Fishing Ship |
| 19:32 | Create | Fishing Ship |
| 19:32 | Create | Fishing Ship |
| 19:34 | Create | Fishing Ship |
| 19:44 | Build | Mill |
| 20:18 | Research | Castle Age |
| 20:21 | Build | Fish Trap |
| 20:27 | Build | Fish Trap |
Build order — StefyHappy
111 actions detected in the replay
| 0:42 | Build | Town Center |
| 3:25 | Create | Villager (Male) |
| 3:25 | Create | Villager (Male) |
| 3:25 | Create | Villager (Male) |
| 4:34 | Create | Villager (Male) |
| 5:24 | Create | Villager (Male) |
| 6:24 | Create | Villager (Male) |
| 6:25 | Create | Villager (Male) |
| 6:54 | Create | Villager (Male) |
| 7:11 | Create | Villager (Male) |
| 7:31 | Build | Lumber Camp |
| 8:06 | Create | Villager (Male) |
| 8:06 | Create | Villager (Male) |
| 8:41 | Create | Villager (Male) |
| 8:47 | Create | Villager (Male) |
| 9:36 | Build | Dock |
| 9:53 | Build | Mill |
| 10:27 | Create | Villager (Male) |
| 10:32 | Create | Fishing Ship |
| 10:34 | Create | Fishing Ship |
| 11:10 | Create | Villager (Male) |
| 11:11 | Create | Villager (Male) |
| 11:12 | Create | Villager (Male) |
| 11:26 | Create | Fishing Ship |
| 11:42 | Create | Villager (Male) |
| 11:52 | Create | Fishing Ship |
| 13:08 | Create | Fishing Ship |
| 13:10 | Create | Fishing Ship |
| 13:41 | Build | Mining Camp |
| 14:05 | Research | Feudal Age |
| 14:24 | Build | Mining Camp |
| 16:14 | Age | Feudal Age |
| 16:20 | Create | Villager (Male) |
| 16:20 | Create | Villager (Male) |
| 16:27 | Research | Double-Bit Axe |
| 16:31 | Create | Fishing Ship |
| 16:32 | Create | Fishing Ship |
| 16:33 | Research | Tech 906 |
| 16:58 | Build | Stone Wall |
| 17:04 | Build | Gate |
| 17:09 | Create | Villager (Male) |
| 17:10 | Create | Villager (Male) |
| 17:10 | Create | Villager (Male) |
| 17:23 | Build | Stone Wall |
| 17:29 | Build | Gate |
| 17:45 | Build | Stone Wall |
| 17:52 | Build | Gate |
| 18:04 | Build | Mill |
| 19:02 | Research | Wheelbarrow |
| 19:03 | Create | Villager (Male) |
| 19:04 | Create | Villager (Male) |
| 19:05 | Create | Villager (Male) |
| 19:15 | Build | Dock |
| 19:38 | Build | Stone Wall |
| 19:43 | Build | Gate |
| 19:59 | Build | Mill |
| 20:19 | Create | Villager (Male) |
| 20:19 | Create | Villager (Male) |
| 20:53 | Build | Stone Wall |
| 20:59 | Build | Gate |
| 21:14 | Create | Villager (Male) |
| 21:15 | Create | Villager (Male) |
| 21:44 | Build | Barracks |
| 21:58 | Build | Lumber Camp |
| 22:08 | Build | Mining Camp |
| 22:25 | Create | Villager (Male) |
| 22:25 | Create | Villager (Male) |
| 22:30 | Create | Fishing Ship |
| 22:30 | Create | Fishing Ship |
| 22:39 | Create | Fishing Ship |
| 22:39 | Create | Fishing Ship |
| 22:43 | Create | Fishing Ship |
| 22:44 | Create | Fishing Ship |
| 22:45 | Create | Fishing Ship |
| 22:45 | Create | Fishing Ship |
| 23:17 | Build | Stable |
| 23:23 | Build | Stable |
| 23:29 | Build | Stable |
| 23:34 | Build | Stable |
| 24:02 | Build | Dock |
| 25:38 | Build | Blacksmith |
| 26:07 | Create | Fire Galley |
| 26:08 | Create | Fire Galley |
| 26:09 | Create | Fire Galley |
| 26:10 | Create | Fire Galley |
| 26:17 | Create | Fire Galley |
| 26:18 | Create | Fire Galley |
| 26:18 | Create | Fire Galley |
| 26:29 | Create | Fire Galley |
| 26:30 | Create | Fire Galley |
| 26:30 | Create | Fire Galley |
| 26:30 | Create | Fire Galley |
| 27:19 | Research | Bloodlines |
| 27:19 | Research | Bloodlines |
| 27:22 | Research | Castle Age |
| 28:24 | Build | Fish Trap |
| 28:52 | Create | Fire Galley |
| 29:25 | Create | Fire Galley |
| 29:25 | Create | Fire Galley |
| 29:26 | Create | Fire Galley |
| 30:02 | Age | Castle Age |
| 30:22 | Create | Unit 2626 |
| 30:27 | Create | Demolition Raft |
| 30:27 | Research | Tech 905 |
| 30:29 | Create | Demolition Raft |
| 30:39 | Create | Unit 2626 |
| 30:40 | Create | Unit 2626 |
| 30:48 | Create | Unit 2626 |
| 30:49 | Create | Unit 2626 |
| 30:51 | Create | Unit 2626 |
| 31:12 | Build | Lumber Camp |
Build order — 楊家富是菜DOG
139 actions detected in the replay
| 0:25 | Build | Town Center |
| 0:37 | Build | Dock |
| 2:31 | Build | House |
| 2:59 | Create | Villager (Male) ×4 |
| 3:40 | Create | Villager (Male) |
| 3:58 | Create | Fishing Ship |
| 4:51 | Create | Fishing Ship |
| 4:52 | Create | Fishing Ship |
| 5:13 | Build | House |
| 5:16 | Build | House |
| 5:22 | Research | Loom |
| 5:41 | Create | Villager (Male) |
| 5:55 | Create | Fishing Ship |
| 6:33 | Create | Villager (Male) |
| 6:39 | Create | Fishing Ship |
| 7:09 | Create | Fishing Ship |
| 7:16 | Create | Villager (Male) |
| 7:16 | Create | Villager (Male) |
| 7:40 | Build | Lumber Camp |
| 7:45 | Create | Villager (Male) |
| 8:07 | Create | Fishing Ship |
| 8:24 | Build | House |
| 8:33 | Create | Villager (Male) |
| 8:34 | Create | Villager (Male) |
| 8:50 | Create | Villager (Male) ×2 |
| 8:50 | Create | Villager (Male) ×2 |
| 8:53 | Create | Fishing Ship |
| 9:24 | Create | Villager (Male) |
| 9:24 | Create | Villager (Male) |
| 9:41 | Create | Fishing Ship ×2 |
| 10:05 | Build | Dock |
| 10:09 | Create | Villager (Male) ×2 |
| 10:32 | Create | Villager (Male) |
| 10:38 | Build | House |
| 10:40 | Build | House |
| 10:54 | Create | Fishing Ship |
| 10:57 | Create | Fishing Ship |
| 10:58 | Create | Fishing Ship |
| 11:12 | Create | Villager (Male) ×2 |
| 11:12 | Create | Villager (Male) ×2 |
| 11:24 | Build | House |
| 11:40 | Create | Villager (Male) ×3 |
| 11:44 | Build | House |
| 11:50 | Create | Fishing Ship |
| 12:06 | Build | House |
| 12:10 | Create | Villager (Male) |
| 12:15 | Create | Villager (Male) |
| 12:31 | Build | House |
| 12:40 | Create | Fishing Ship ×2 |
| 13:01 | Build | Mill |
| 13:13 | Create | Villager (Male) ×5 |
| 13:27 | Build | Mining Camp |
| 13:46 | Create | Fishing Ship |
| 14:28 | Research | Feudal Age |
| 14:44 | Build | Dock |
| 14:54 | Create | Fishing Ship ×3 |
| 15:40 | Build | Barracks |
| 15:44 | Create | Fishing Ship |
| 16:38 | Age | Feudal Age |
| 16:43 | Research | Wheelbarrow |
| 16:48 | Research | Double-Bit Axe |
| 16:53 | Research | Gold Mining |
| 16:54 | Research | Stone Mining |
| 17:01 | Create | Fishing Ship ×2 |
| 17:26 | Create | Villager (Male) ×5 |
| 17:27 | Create | Villager (Male) ×5 |
| 17:55 | Create | Fishing Ship ×3 |
| 17:56 | Create | Fishing Ship ×3 |
| 18:17 | Build | Watch Tower |
| 18:31 | Build | Blacksmith |
| 18:51 | Create | Fishing Ship ×3 |
| 19:28 | Build | Market |
| 19:54 | Build | House |
| 19:58 | Build | House |
| 20:44 | Research | Castle Age |
| 20:57 | Create | Fishing Ship ×5 |
| 20:57 | Create | Fishing Ship ×3 |
| 21:21 | Build | Mining Camp |
| 23:26 | Build | Lumber Camp |
| 23:33 | Age | Castle Age |
| 23:47 | Build | Town Center |
| 24:11 | Research | Stone Shaft Mining |
| 24:14 | Research | Gold Shaft Mining |
| 24:27 | Build | University |
| 24:34 | Research | Hand Cart |
| 24:40 | Create | Villager (Male) ×5 |
| 24:40 | Create | Villager (Male) ×5 |
| 24:40 | Create | Villager (Male) ×4 |
| 24:40 | Create | Villager (Male) ×4 |
| 25:04 | Create | Villager (Male) ×5 |
| 25:06 | Create | Villager (Male) ×5 |
| 25:26 | Create | Villager (Male) |
| 26:01 | Build | Town Center |
| 26:06 | Research | Bow Saw |
| 26:26 | Build | House |
| 26:27 | Build | House |
| 26:28 | Build | House |
| 26:50 | Build | Town Center |
| 27:17 | Build | House |
| 27:19 | Build | House |
| 27:20 | Build | House |
| 27:22 | Build | House |
| 27:23 | Build | House |
| 27:25 | Build | House |
| 27:27 | Build | House |
| 27:28 | Build | House |
| 27:29 | Build | House |
| 27:30 | Build | House |
| 27:52 | Create | Villager (Male) ×5 |
| 27:53 | Create | Villager (Male) ×4 |
| 28:06 | Create | Villager (Male) |
| 28:15 | Create | Villager (Male) ×4 |
| 28:15 | Create | Villager (Male) ×4 |
| 28:47 | Build | Archery Range |
| 28:52 | Build | Fish Trap |
| 29:01 | Create | Villager (Male) ×4 |
| 29:11 | Build | Blacksmith |
| 29:15 | Build | Fish Trap |
| 29:19 | Build | Fish Trap |
| 29:24 | Build | Fish Trap |
| 29:29 | Build | House |
| 29:31 | Build | House |
| 29:32 | Build | House |
| 29:35 | Build | House |
| 29:37 | Build | House |
| 29:38 | Build | House |
| 29:40 | Build | House |
| 29:44 | Build | Fish Trap |
| 29:47 | Build | Fish Trap |
| 29:49 | Build | Fish Trap |
| 30:15 | Create | Villager (Male) ×5 |
| 30:23 | Create | Villager (Male) ×2 |
| 30:42 | Build | Fish Trap |
| 30:45 | Build | Fish Trap |
| 30:48 | Build | Fish Trap |
| 30:50 | Build | Fish Trap |
| 30:51 | Build | Fish Trap |
| 30:53 | Build | Fish Trap |
| 31:11 | Build | Archery Range |
Build order — DIY
0 actions detected in the replay
Build order — Long
138 actions detected in the replay
| 2:10 | Build | Town Center |
| 4:32 | Create | Villager (Male) |
| 4:33 | Create | Villager (Male) |
| 4:33 | Create | Villager (Male) |
| 4:33 | Create | Villager (Male) |
| 4:33 | Create | Villager (Male) |
| 6:16 | Research | Loom |
| 6:27 | Create | Villager (Male) |
| 6:56 | Create | Villager (Male) |
| 7:15 | Build | Dock |
| 7:24 | Create | Villager (Male) |
| 8:15 | Create | Villager (Male) |
| 8:39 | Create | Villager (Male) |
| 8:41 | Create | Villager (Male) |
| 8:46 | Create | Fishing Ship |
| 9:02 | Create | Villager (Male) |
| 9:14 | Create | Villager (Male) |
| 9:39 | Create | Fishing Ship |
| 10:32 | Create | Fishing Ship |
| 10:34 | Create | Villager (Male) |
| 10:36 | Create | Villager (Male) |
| 10:37 | Create | Villager (Male) |
| 10:39 | Create | Villager (Male) |
| 10:50 | Create | Fishing Ship |
| 11:00 | Create | Villager (Male) |
| 11:19 | Create | Fishing Ship |
| 11:22 | Create | Villager (Male) |
| 11:57 | Build | Mill |
| 12:32 | Create | Fishing Ship |
| 12:34 | Create | Villager (Male) |
| 13:16 | Create | Villager (Male) |
| 13:17 | Create | Villager (Male) |
| 13:20 | Create | Fishing Ship |
| 13:23 | Create | Fishing Ship |
| 13:23 | Create | Fishing Ship |
| 14:03 | Create | Villager (Male) |
| 14:05 | Create | Fishing Ship |
| 14:06 | Create | Fishing Ship |
| 14:11 | Create | Fishing Ship |
| 14:40 | Research | Feudal Age |
| 15:11 | Build | Mill |
| 15:18 | Build | Barracks |
| 15:33 | Create | Villager (Male) |
| 15:34 | Create | Villager (Male) |
| 15:52 | Build | Lumber Camp |
| 16:54 | Age | Feudal Age |
| 17:00 | Research | Horse Collar |
| 17:04 | Research | Double-Bit Axe |
| 17:10 | Build | Stable |
| 17:30 | Create | Villager (Male) |
| 17:30 | Create | Villager (Male) |
| 17:30 | Create | Villager (Male) |
| 17:31 | Create | Villager (Male) |
| 17:31 | Create | Villager (Male) |
| 17:32 | Create | Villager (Male) |
| 17:44 | Research | Tech 906 |
| 18:08 | Build | Stable |
| 18:09 | Create | Scout Cavalry |
| 18:10 | Create | Scout Cavalry |
| 18:11 | Create | Scout Cavalry |
| 18:11 | Create | Scout Cavalry |
| 18:21 | Create | Fishing Ship |
| 18:21 | Create | Fishing Ship |
| 18:21 | Create | Fishing Ship |
| 18:35 | Build | Mining Camp |
| 19:10 | Build | Blacksmith |
| 19:13 | Create | Scout Cavalry |
| 19:13 | Create | Scout Cavalry |
| 19:13 | Create | Scout Cavalry |
| 19:14 | Create | Scout Cavalry |
| 19:24 | Build | Fish Trap |
| 19:33 | Research | Gold Mining |
| 19:51 | Build | Fish Trap |
| 19:57 | Build | Fish Trap |
| 20:17 | Create | Villager (Male) |
| 20:17 | Create | Villager (Male) |
| 20:18 | Create | Villager (Male) |
| 20:18 | Create | Villager (Male) |
| 20:25 | Build | Stable |
| 20:41 | Build | Fish Trap |
| 21:15 | Research | Forging |
| 22:15 | Research | Wheelbarrow |
| 22:27 | Build | Farm |
| 22:28 | Build | Farm |
| 22:41 | Build | Fish Trap |
| 22:44 | Build | Fish Trap |
| 22:52 | Build | Fish Trap |
| 22:55 | Build | Fish Trap |
| 23:16 | Research | Stone Mining |
| 23:29 | Build | Fish Trap |
| 23:32 | Build | Fish Trap |
| 23:33 | Build | Fish Trap |
| 24:12 | Create | Villager (Male) |
| 24:12 | Create | Villager (Male) |
| 25:03 | Build | Farm |
| 25:05 | Build | Farm |
| 25:10 | Research | Castle Age |
| 25:55 | Create | Villager (Male) |
| 25:56 | Create | Villager (Male) |
| 26:25 | Build | Stable |
| 26:34 | Research | Scale Barding Armor |
| 27:50 | Age | Castle Age |
| 27:59 | Research | Bloodlines |
| 27:59 | Research | Husbandry |
| 28:13 | Build | Castle |
| 28:25 | Research | Bow Saw |
| 28:28 | Research | Heavy Plow |
| 28:32 | Build | Farm |
| 28:35 | Build | Farm |
| 28:36 | Build | Farm |
| 28:38 | Build | Farm |
| 28:40 | Build | Farm |
| 28:49 | Research | Hand Cart |
| 29:22 | Build | Town Center |
| 29:30 | Build | Farm |
| 29:38 | Build | Farm |
| 29:52 | Create | Knight |
| 29:52 | Create | Knight |
| 29:53 | Create | Knight |
| 29:53 | Create | Knight |
| 29:53 | Create | Knight |
| 29:54 | Create | Knight |
| 29:54 | Create | Knight |
| 29:54 | Create | Knight |
| 29:54 | Create | Knight |
| 29:55 | Create | Knight |
| 30:03 | Build | Stable |
| 30:15 | Research | Gold Shaft Mining |
| 30:51 | Build | Stable |
| 30:57 | Build | University |
| 31:07 | Create | Knight |
| 31:07 | Create | Knight |
| 31:07 | Create | Knight |
| 31:07 | Create | Knight |
| 31:08 | Create | Knight |
| 31:08 | Create | Knight |
| 31:08 | Create | Knight |
| 31:08 | Create | Knight |
Build order — 金将军
57 actions detected in the replay
| 2:27 | Build | Town Center |
| 4:38 | Build | House |
| 4:53 | Build | House |
| 5:06 | Create | Villager (Male) |
| 5:08 | Create | Villager (Male) |
| 5:14 | Create | Villager (Male) |
| 6:25 | Create | Villager (Male) |
| 6:25 | Create | Villager (Male) |
| 6:25 | Create | Villager (Male) |
| 7:21 | Build | Lumber Camp |
| 7:31 | Create | Villager (Male) |
| 7:32 | Create | Villager (Male) |
| 8:28 | Create | Villager (Male) |
| 8:28 | Create | Villager (Male) |
| 9:26 | Create | Villager (Male) |
| 9:54 | Build | House |
| 10:08 | Create | Villager (Male) |
| 10:30 | Create | Villager (Male) |
| 11:04 | Create | Villager (Male) |
| 11:06 | Create | Villager (Male) |
| 11:08 | Create | Villager (Male) |
| 11:44 | Create | Villager (Male) |
| 11:58 | Build | House |
| 12:40 | Build | Mill |
| 13:08 | Create | Villager (Male) |
| 13:27 | Build | Farm |
| 13:31 | Build | Farm |
| 13:37 | Create | Villager (Male) |
| 13:41 | Create | Villager (Male) |
| 14:06 | Build | Mining Camp |
| 14:18 | Research | Feudal Age |
| 14:25 | Build | Farm |
| 14:29 | Build | Farm |
| 14:38 | Build | Farm |
| 14:54 | Create | Villager (Male) |
| 14:55 | Create | Villager (Male) |
| 15:13 | Build | Palisade Wall |
| 15:15 | Build | Palisade Wall |
| 15:25 | Build | Palisade Gate |
| 16:11 | Build | House |
| 16:37 | Age | Feudal Age |
| 17:00 | Research | Double-Bit Axe |
| 17:02 | Research | Horse Collar |
| 17:03 | Research | Gold Mining |
| 17:08 | Create | Villager (Male) |
| 17:10 | Build | Farm |
| 17:41 | Build | Farm |
| 18:04 | Build | Farm |
| 18:15 | Research | Wheelbarrow |
| 19:31 | Create | Villager (Male) |
| 19:31 | Create | Villager (Male) |
| 19:45 | Build | Barracks |
| 20:10 | Build | Blacksmith |
| 20:17 | Build | House |
| 20:24 | Build | Farm |
| 20:31 | Create | Villager (Male) |
| 21:10 | Create | Villager (Male) |
Build order — Need
First 150 of 359 actions detected
| 0:19 | Build | Town Center |
| 0:26 | Build | House |
| 1:05 | Build | Dock |
| 2:49 | Create | Villager (Male) ×5 |
| 2:50 | Create | Villager (Male) ×5 |
| 2:50 | Create | Fishing Ship |
| 2:51 | Create | Fishing Ship |
| 3:38 | Create | Villager (Male) |
| 3:38 | Create | Villager (Male) |
| 3:52 | Build | House |
| 4:14 | Create | Fishing Ship |
| 4:15 | Create | Fishing Ship |
| 4:58 | Create | Villager (Male) |
| 4:59 | Create | Villager (Male) |
| 5:11 | Create | Fishing Ship |
| 5:11 | Create | Fishing Ship |
| 5:14 | Build | House |
| 5:35 | Create | Villager (Male) |
| 5:35 | Create | Villager (Male) |
| 5:56 | Create | Villager (Male) |
| 5:57 | Create | Villager (Male) |
| 6:02 | Create | Fishing Ship |
| 6:02 | Create | Fishing Ship |
| 6:16 | Create | Villager (Male) |
| 6:16 | Create | Villager (Male) |
| 6:42 | Create | Fishing Ship |
| 6:42 | Create | Fishing Ship |
| 6:47 | Create | Villager (Male) ×2 |
| 6:47 | Create | Villager (Male) ×2 |
| 6:56 | Create | Villager (Male) |
| 6:56 | Create | Villager (Male) |
| 7:10 | Build | House |
| 7:11 | Build | House |
| 7:12 | Build | House |
| 7:22 | Create | Fishing Ship |
| 7:22 | Create | Fishing Ship |
| 7:22 | Create | Fishing Ship |
| 7:39 | Create | Villager (Male) |
| 7:40 | Create | Villager (Male) |
| 7:55 | Create | Villager (Male) |
| 7:55 | Create | Villager (Male) |
| 8:21 | Create | Villager (Male) |
| 8:25 | Build | Mining Camp |
| 8:40 | Create | Villager (Male) |
| 8:40 | Create | Villager (Male) |
| 8:49 | Create | Fishing Ship |
| 9:04 | Create | Villager (Male) ×3 |
| 9:04 | Create | Villager (Male) ×3 |
| 9:29 | Build | Dock |
| 9:38 | Create | Villager (Male) |
| 9:38 | Create | Villager (Male) |
| 9:38 | Create | Villager (Male) |
| 9:46 | Build | Mill |
| 9:52 | Build | House |
| 10:06 | Create | Villager (Male) |
| 10:32 | Create | Villager (Male) ×5 |
| 10:32 | Create | Villager (Male) ×5 |
| 10:41 | Build | House |
| 11:06 | Create | Villager (Male) |
| 11:07 | Create | Villager (Male) |
| 11:20 | Build | House |
| 11:26 | Create | Villager (Male) |
| 11:26 | Create | Villager (Male) |
| 11:33 | Create | Fishing Ship |
| 11:33 | Create | Fishing Ship |
| 11:55 | Create | Villager (Male) |
| 11:55 | Create | Villager (Male) |
| 12:01 | Create | Fishing Ship |
| 12:01 | Create | Fishing Ship |
| 12:01 | Create | Fishing Ship |
| 12:01 | Create | Fishing Ship |
| 12:02 | Create | Fishing Ship |
| 12:02 | Create | Fishing Ship |
| 12:19 | Research | Feudal Age |
| 12:33 | Build | Dock |
| 12:40 | Build | House |
| 12:42 | Build | House |
| 13:23 | Create | Villager (Male) |
| 13:28 | Build | House |
| 13:29 | Build | House |
| 13:29 | Build | House |
| 13:29 | Build | House |
| 13:54 | Build | Lumber Camp |
| 14:30 | Age | Feudal Age |
| 14:33 | Build | Blacksmith |
| 14:35 | Build | Market |
| 14:42 | Create | Villager (Male) |
| 14:45 | Research | Double-Bit Axe |
| 14:45 | Research | Double-Bit Axe |
| 15:15 | Build | Lumber Camp |
| 15:16 | Research | Castle Age |
| 15:16 | Research | Castle Age |
| 15:29 | Research | Tech 906 |
| 15:30 | Research | Tech 906 |
| 16:01 | Research | Double-Bit Axe |
| 16:01 | Research | Double-Bit Axe |
| 16:04 | Build | House |
| 16:05 | Build | House |
| 16:05 | Build | House |
| 16:05 | Build | House |
| 16:05 | Build | House |
| 16:06 | Build | House |
| 16:06 | Build | House |
| 16:06 | Build | House |
| 16:06 | Build | House |
| 16:37 | Create | Villager (Male) |
| 17:41 | Age | Castle Age |
| 17:44 | Build | Town Center |
| 17:46 | Build | Town Center |
| 17:53 | Create | Villager (Male) |
| 17:54 | Research | Bow Saw |
| 17:54 | Research | Bow Saw |
| 17:56 | Research | Gillnets |
| 17:56 | Research | Gillnets |
| 18:14 | Create | Villager (Male) |
| 18:29 | Create | Villager (Male) |
| 18:41 | Research | Wheelbarrow |
| 18:41 | Research | Wheelbarrow |
| 18:44 | Research | Horse Collar |
| 18:44 | Research | Horse Collar |
| 18:54 | Create | Villager (Male) |
| 18:54 | Create | Villager (Male) |
| 19:06 | Create | Villager (Male) |
| 19:09 | Build | Town Center |
| 19:10 | Create | Villager (Male) |
| 19:25 | Create | Villager (Male) |
| 19:39 | Build | Dock |
| 19:51 | Create | Villager (Male) |
| 19:59 | Create | Villager (Male) |
| 19:59 | Create | Villager (Male) |
| 19:59 | Create | Villager (Male) |
| 20:05 | Build | Mill |
| 20:17 | Create | Villager (Male) |
| 20:18 | Create | Villager (Male) |
| 20:20 | Research | Heavy Plow |
| 20:20 | Research | Heavy Plow |
| 20:23 | Create | Villager (Male) |
| 20:23 | Create | Villager (Male) |
| 20:32 | Create | Villager (Male) |
| 20:32 | Create | Villager (Male) ×2 |
| 20:33 | Create | Villager (Male) |
| 20:35 | Build | Farm |
| 20:36 | Build | Farm |
| 20:36 | Build | Farm |
| 20:45 | Create | Villager (Male) |
| 20:46 | Create | Villager (Male) |
| 20:48 | Build | Farm |
| 20:49 | Build | Farm |
| 20:50 | Build | Farm |
| 20:52 | Build | Farm |
Build order — *Lord*
142 actions detected in the replay
| 1:03 | Build | Town Center |
| 2:21 | Build | House |
| 3:02 | Research | Loom |
| 3:02 | Create | Villager (Male) ×4 |
| 3:02 | Create | Villager (Male) ×4 |
| 3:02 | Create | Villager (Male) ×4 |
| 4:41 | Create | Villager (Male) |
| 4:41 | Create | Villager (Male) |
| 4:42 | Create | Villager (Male) |
| 4:52 | Build | Dock |
| 4:59 | Build | House |
| 5:38 | Create | Villager (Male) |
| 5:38 | Create | Villager (Male) |
| 5:38 | Create | Villager (Male) |
| 5:39 | Create | Villager (Male) |
| 6:21 | Build | House |
| 6:27 | Create | Villager (Male) |
| 6:28 | Create | Villager (Male) |
| 6:28 | Create | Villager (Male) |
| 6:28 | Create | Villager (Male) |
| 7:17 | Build | Mill |
| 7:47 | Create | Villager (Male) |
| 7:47 | Create | Villager (Male) |
| 7:48 | Create | Villager (Male) |
| 8:15 | Create | Villager (Male) |
| 8:16 | Create | Villager (Male) |
| 8:16 | Create | Villager (Male) |
| 8:38 | Create | Villager (Male) |
| 8:46 | Create | Fishing Ship |
| 9:11 | Create | Villager (Male) |
| 9:11 | Create | Villager (Male) |
| 9:12 | Create | Villager (Male) |
| 9:38 | Create | Villager (Male) |
| 9:38 | Create | Villager (Male) |
| 9:38 | Create | Villager (Male) |
| 9:42 | Build | House |
| 9:46 | Build | House |
| 9:48 | Create | Villager (Male) |
| 10:06 | Create | Fishing Ship |
| 10:06 | Create | Fishing Ship |
| 10:06 | Create | Fishing Ship |
| 10:23 | Create | Villager (Male) |
| 10:24 | Create | Villager (Male) |
| 10:24 | Create | Villager (Male) |
| 10:24 | Create | Villager (Male) |
| 10:38 | Create | Villager (Male) |
| 10:38 | Create | Villager (Male) |
| 10:57 | Create | Fishing Ship |
| 10:58 | Create | Fishing Ship |
| 10:58 | Create | Fishing Ship |
| 11:03 | Build | House |
| 11:31 | Create | Fishing Ship |
| 11:56 | Create | Villager (Male) |
| 12:19 | Build | Mining Camp |
| 12:27 | Create | Villager (Male) |
| 12:38 | Create | Villager (Male) |
| 12:41 | Build | House |
| 12:51 | Create | Fishing Ship |
| 13:28 | Create | Villager (Male) |
| 13:33 | Create | Fishing Ship |
| 13:51 | Build | Dock |
| 14:22 | Research | Feudal Age |
| 14:22 | Research | Feudal Age |
| 14:29 | Create | Fishing Ship |
| 14:29 | Create | Fishing Ship |
| 14:43 | Create | Fishing Ship |
| 14:43 | Create | Fishing Ship |
| 14:45 | Build | House |
| 15:00 | Create | Fishing Ship |
| 15:21 | Create | Fishing Ship |
| 15:58 | Create | Fishing Ship |
| 16:01 | Create | Fishing Ship |
| 16:32 | Age | Feudal Age |
| 16:56 | Build | Market |
| 17:01 | Create | Villager (Male) |
| 17:01 | Create | Villager (Male) |
| 17:43 | Build | Blacksmith |
| 18:01 | Build | House |
| 18:04 | Build | House |
| 18:12 | Build | House |
| 18:22 | Research | Castle Age |
| 18:23 | Research | Castle Age |
| 18:32 | Research | Tech 906 |
| 18:38 | Research | Fletching |
| 18:47 | Create | Unit 2626 |
| 18:52 | Create | Galley |
| 19:01 | Create | Galley |
| 19:58 | Build | Mining Camp |
| 20:23 | Create | Galley ×2 |
| 20:38 | Build | Lumber Camp |
| 21:02 | Age | Castle Age |
| 21:10 | Create | Longboat |
| 21:24 | Create | Villager (Male) ×5 |
| 21:39 | Build | Town Center |
| 22:01 | Research | Gillnets |
| 22:08 | Research | War Galley (upgrade) |
| 22:12 | Research | Bodkin Arrow |
| 23:20 | Build | Dock |
| 23:33 | Build | Dock |
| 23:51 | Create | Villager (Male) |
| 23:51 | Create | Villager (Male) |
| 23:53 | Create | Villager (Male) ×5 |
| 24:02 | Build | Castle |
| 24:23 | Research | Forging |
| 24:23 | Research | Scale Mail Armor |
| 24:29 | Build | Barracks |
| 24:31 | Create | Villager (Male) |
| 25:07 | Research | Squires |
| 25:07 | Research | Gambesons |
| 25:09 | Research | Arson |
| 26:03 | Create | Longboat ×5 |
| 26:16 | Create | Villager (Male) |
| 26:16 | Create | Villager (Male) |
| 26:18 | Create | Villager (Male) |
| 26:18 | Create | Villager (Male) |
| 26:23 | Build | Mining Camp |
| 26:26 | Create | Berserk ×5 |
| 26:27 | Create | Berserk ×5 |
| 26:27 | Create | Berserk ×5 |
| 26:27 | Create | Berserk ×5 |
| 26:33 | Create | Petard |
| 26:33 | Create | Petard |
| 26:35 | Create | Berserk ×5 |
| 26:35 | Create | Berserk ×5 |
| 26:35 | Create | Berserk ×5 |
| 26:35 | Create | Berserk ×5 |
| 27:34 | Research | Iron Casting |
| 27:42 | Build | University |
| 27:46 | Create | Berserk |
| 27:57 | Create | Fishing Ship |
| 27:58 | Create | Fishing Ship |
| 27:58 | Create | Fishing Ship |
| 28:02 | Create | Fishing Ship |
| 28:02 | Create | Fishing Ship |
| 28:11 | Create | Fishing Ship |
| 29:05 | Create | Longboat ×5 |
| 29:08 | Create | Longboat ×5 |
| 29:20 | Research | Chain Mail Armor |
| 29:32 | Build | Dock |
| 30:03 | Research | Careening |
| 30:04 | Research | Tech 908 |
| 31:19 | Create | Fire Galley ×5 |
Match timeline
| 0:37 | 楊家富是菜DOG · first_building Dock |
| 1:05 | Need · first_building Dock |
| 1:52 | DIY · resign |
| 2:15 | 帝国潘森 · first_building Dock |
| 4:52 | *Lord* · first_building Dock |
| 7:15 | Long · first_building Dock |
| 9:36 | StefyHappy · first_building Dock |
| 14:16 | 帝国潘森 · age_up feudal |
| 14:30 | 帝国潘森 · first_building Barracks |
| 14:30 | Need · age_up feudal |
| 15:13 | 金将军 · wall_segment Palisade Wall x1 |
| 15:15 | 金将军 · wall_segment Palisade Wall x1 |
| 15:18 | Long · first_building Barracks |
| 15:40 | 楊家富是菜DOG · first_building Barracks |
| 16:14 | StefyHappy · age_up feudal |
| 16:32 | *Lord* · age_up feudal |
| 16:37 | 金将军 · age_up feudal |
| 16:37 | 帝国潘森 · first_building Stable |
| 16:38 | 楊家富是菜DOG · age_up feudal |
| 16:54 | Long · age_up feudal |
| 16:58 | StefyHappy · wall_segment Stone Wall x13 |
| 17:10 | Long · first_building Stable |
| 17:23 | StefyHappy · wall_segment Stone Wall x10 |
| 17:41 | Need · age_up castle |
| 17:45 | StefyHappy · wall_segment Stone Wall x15 |
| 19:38 | StefyHappy · wall_segment Stone Wall x8 |
| 19:45 | 金将军 · first_building Barracks |
| 20:53 | StefyHappy · wall_segment Stone Wall x10 |
| 21:02 | *Lord* · age_up castle |
| 21:33 | *Lord* · first_market_sell 500 food |
| 21:34 | *Lord* · first_market_buy 100 wood |
| 21:44 | StefyHappy · first_building Barracks |
| 23:17 | StefyHappy · first_building Stable |
| 23:33 | 楊家富是菜DOG · age_up castle |
| 24:02 | *Lord* · first_building Castle |
| 24:29 | *Lord* · first_building Barracks |
| 25:17 | Need · first_market_buy 100 stone |
| 26:12 | Need · first_building Castle |
| 27:23 | Need · first_building Barracks |
| 27:44 | Need · first_building Stable |
| 27:50 | Long · age_up castle |
| 28:13 | Long · first_building Castle |
| 28:47 | 楊家富是菜DOG · first_building Archery Range |
| 29:09 | Need · first_market_sell 500 food |
| 30:02 | StefyHappy · age_up castle |
| 31:12 | Need · age_up imperial |
[ AI ANALYSIS · 1 CREDIT ]
What really happened in this match?
Wolo.gg analyzes every decision: build order, eco, micro, common mistakes by bracket. Personalized analysis on WhatsApp or Discord in 30 seconds.
Civ guide
Malay
Perfil
Jugador #18798534